 Dungeon Crawl Stone Soup version 0.29.0-4-gdea44cf6ec (webtiles) character file.

Game seed: 1129107805115921047

1661 qw the Grappler (level 9, -1/74 HPs)
             Began as a Ghoul Fire Elementalist on Aug 29, 2022.
             Slain by Maggie
             ... wielding a +2 halberd of flaming
              (5 damage)
             ... on level 6 of the Dungeon.
             The game lasted 00:05:25 (6762 turns).

qw the Grappler (Ghoul Fire Elementalist)           Turns: 6762, Time: 00:05:26

Health: -1/74      AC: 14    Str: 16    XL:     9   Next: 0%
Magic:  10/10      EV:  7    Int: 10    God:
Gold:   307        SH:  0    Dex:  9    Spells: 10/11 levels left

rFire   . . .      SeeInvis .     - Unarmed
rCold   + . .      Faith    .   (no shield)
rNeg    + + +      Spirit   .   o - +0 chain mail
rPois   inf        Reflect  .   g - +0 helmet
rElec   .          Harm     .   m - +0 cloak
rCorr   .          Rampage  .   (no gloves)
Will    .....                   j - +2 pair of boots
Stlth   ..........              (no amulet)
HPRegen 0.00/turn               (no ring)
MPRegen 0.12/turn               (no ring)

@: inhibited regen
A: claws 1, cold resistance 1, negative energy resistance 3, inhibited
regeneration, torment resistance 2, devour on kill
a: no special abilities


You were on level 6 of the Dungeon.
You visited 1 branch of the dungeon, and saw 6 of its levels.

You collected 307 gold pieces.


Innate Abilities, Weirdness & Mutations

You are immune to poison.
You have sharp fingernails.
Your flesh is cold resistant. (rC+)
You are immune to negative energy. (rN+++)
You do not regenerate when monsters are visible.
You are immune to unholy pain and torment.
You thrive by killing the living.


   Skills:
 - Level 5.5 Fighting
 - Level 3.1 Armour
 - Level 1.7 Dodging
 - Level 2.1 Stealth
 + Level 9.8 Unarmed Combat
 - Level 1.7 Spellcasting
 - Level 0.7 Conjurations
 - Level 2.4 Fire Magic


You had 10 spell levels left.
You knew the following spells:

 Your Spells              Type           Power      Damage    Failure   Level
a - Foxfire               Conj/Fire      16%        2x1d4     96%         1

Your spell library contained the following spells:

 Spells                   Type           Power      Damage    Failure   Level
 Scorch                   Fire           10%        2d6       97%         2
 Conjure Flame            Conj/Fire      4%         6-21      100%        3
 Inner Flame              Hex/Fire       3%         N/A       100%        3
 Flame Wave               Conj/Fire      4%         2d5       100%        4

Inventory:

Armour
 g - a +0 helmet (worn)
 j - a +2 pair of boots (worn)
 m - a +0 cloak (worn)
 o - a +0 chain mail (worn)
Scrolls
 a - a scroll of enchant weapon
 d - a scroll of identify
Potions
 e - a potion of curing
 i - 3 potions of mutation
 l - a potion of heal wounds {unknown}
 n - a potion of ambrosia {unknown}
 p - a potion of experience {unknown}

Dungeon Overview and Level Annotations

Branches:
Dungeon (6/15)
 Temple: D:4-7

Altars:
Kikubaaqudgha
Makhleb
Uskayaw

Annotations:
D:4 2 transporters
D:6 Maggie, Prince Ribbit


Message History

Maggie is heavily wounded.
Maggie hits you with a +2 halberd of flaming!
Maggie burns you.
You claw Maggie!
Maggie is heavily wounded.
Maggie gestures at you while chanting. The bolt of fire misses you.
You scratch Maggie but do no damage.
Maggie is heavily wounded.
Maggie gestures wildly while chanting.
Maggie attempts to bespell you! You resist with some effort.
You scratch Maggie.
Maggie is severely wounded.
Maggie barely misses you.
You scratch Maggie.
Maggie is severely wounded.
You scratch Maggie but do no damage. You claw Maggie.
Maggie is severely wounded.
Maggie hits you but does no damage.
You closely miss Maggie.
Maggie is severely wounded.
Maggie hits you but does no damage.
You barely miss Maggie.
Maggie is severely wounded.
Maggie hits you with a +2 halberd of flaming!
Maggie burns you.
You closely miss Maggie.
Maggie is severely wounded.
Maggie hits you with a +2 halberd of flaming!
Maggie burns you.
You scratch Maggie but do no damage.
Maggie is severely wounded.
Maggie hits you with a +2 halberd of flaming.
Maggie burns you.
You barely miss Maggie.
Maggie is severely wounded.
You scratch Maggie but do no damage.
Maggie is severely wounded.
Maggie hits you with a +2 halberd of flaming.
You die...

.........#
######...#####
.....).......##
###########...#
#.#.## #.#..#
#.##.##
#.##..###
#.###.@.# #.#
###@.# ## #.#
F..# .# ....#
.# ...... .#
...#### .# ...#
.# ...# .#


You could see Maggie and Prince Ribbit.

Vanquished Creatures
  Sigmund (D:2)
  Eustachio (D:6)
  2 ice beasts
  2 ogres
  2 phantoms (D:4)
  2 bullfrogs (D:6)
  An orc priest (D:5)
  3 hounds
  Jessica (D:2)
  6 iguanas
  2 scorpion zombies (D:4)
  2 orc wizards
  3 hound zombies (D:4)
  2 hound skeletons (D:4)
  6 adders
  7 gnolls
  A shadow imp (D:6)
  2 ufetubi
  2 adder zombies (D:4)
  2 adder skeletons (D:4)
  A worm (D:3)
  A dart slug (D:4)
  11 orcs
  3 bats
  8 endoplasms
  4 giant cockroaches
  11 goblins
  7 hobgoblins
  9 jackals
  9 kobolds
  2 quokkas
  6 ball pythons
  3 frilled lizards
  A quokka zombie (D:4)
  9 rats
135 creatures vanquished.

Notes
Turn   | Place    | Note
-------+----------+-------------------------------------------
     0 | D:1      | qw the Ghoul Fire Elementalist began the quest for the Orb.
     0 | D:1      | Reached XP level 1. HP: 14/14 MP: 2/2
     0 | D:1      | 0 ||| qw: Version: 0.1-a-90-g952f4b7
     0 | D:1      | 0 ||| qw: Game counter: 4187
     0 | D:1      | 0 ||| qw: Always use a shield: true
     0 | D:1      | 0 ||| qw: God list: Okawaru
     0 | D:1      | 0 ||| qw: Allow faded altars: false
     0 | D:1      | 0 ||| qw: Do Orc after D:15 true
     0 | D:1      | 0 ||| qw: Do second Lair branch before Depths: true
     0 | D:1      | 0 ||| qw: Lair rune preference: random
     0 | D:1      | 0 ||| qw: Plans: Normal
     0 | D:1      | 0 ||| PLANNING D:1-11
    72 | D:1      | 72 ||| Stepping ~*~*~tactically~*~*~ (outnumbered).
    73 | D:1      | 73 ||| Stepping ~*~*~tactically~*~*~ (outnumbered).
    79 | D:1      | Reached skill level 1 in Unarmed Combat
   166 | D:1      | Reached skill level 1 in Fighting
   166 | D:1      | Reached XP level 2. HP: 23/23 MP: 3/3
   500 | D:1      | Found a faded altar of an unknown god.
   668 | D:1      | Reached skill level 2 in Unarmed Combat
   991 | D:1      | 991 ||| Stepping ~*~*~tactically~*~*~ (stealth).
   998 | D:1      | 998 ||| Stepping ~*~*~tactically~*~*~ (outnumbered).
   999 | D:1      | 999 ||| Stepping ~*~*~tactically~*~*~ (outnumbered).
  1000 | D:1      | 1000 ||| Stepping ~*~*~tactically~*~*~ (outnumbered).
  1001 | D:1      | 1001 ||| Stepping ~*~*~tactically~*~*~ (outnumbered).
  1002 | D:1      | 1002 ||| Stepping ~*~*~tactically~*~*~ (outnumbered).
  1003 | D:1      | 1003 ||| Stepping ~*~*~tactically~*~*~ (outnumbered).
  1004 | D:1      | 1004 ||| Stepping ~*~*~tactically~*~*~ (outnumbered).
  1005 | D:1      | 1005 ||| Stepping ~*~*~tactically~*~*~ (outnumbered).
  1008 | D:1      | Reached XP level 3. HP: 22/28 MP: 4/4
  1464 | D:1      | 1464 ||| UPGRADING to +0 leather armour.
  1474 | D:1      | 1474 ||| DROPPING +0 robe.
  1475 | D:1      | 1475 ||| UPGRADING to +0 helmet.
  1480 | D:1      | 1480 ||| UPGRADING to +1 leather armour of fire resistance.
  1490 | D:1      | 1490 ||| DROPPING +0 leather armour.
  1491 | D:1      | 1491 ||| READING 2 scrolls labelled TURIR QOKKESYI.
  1492 | D:1      | 1492 ||| READING scroll labelled FUZIOMACER.
  1493 | D:1      | 1493 ||| READING scroll labelled MOUTIUMOOFF.
  1494 | D:1      | 1494 ||| READING scroll labelled OPOQOTU XIKU.
  1495 | D:1      | 1495 ||| DRINKING 2 puce potions.
  1496 | D:1      | 1496 ||| DROPPING potion of magic.
  1651 | D:2      | Reached skill level 3 in Unarmed Combat
  1757 | D:2      | Found a burning altar of Makhleb.
  1770 | D:2      | 1770 ||| Stepping ~*~*~tactically~*~*~ (stealth).
  1772 | D:2      | 1772 ||| Stepping ~*~*~tactically~*~*~ (stealth).
  1773 | D:2      | 1773 ||| Stepping ~*~*~tactically~*~*~ (stealth).
  1889 | D:2      | Noticed Sigmund
  1893 | D:2      | 1893 ||| DRINKING potion of curing.
  1893 | D:2      | 1893 ||| (to cure confusion)
  1909 | D:2      | Killed Sigmund
  1910 | D:2      | Reached skill level 5 in Unarmed Combat
  1910 | D:2      | Reached XP level 4. HP: 15/35 MP: 5/5
  1910 | D:2      | Reached XP level 5. HP: 17/40 MP: 6/6
  2190 | D:2      | Noticed Jessica
  2191 | D:2      | 2191 ||| Stepping ~*~*~tactically~*~*~ (hiding).
  2293 | D:2      | 2293 ||| Stepping ~*~*~tactically~*~*~ (hiding).
  2395 | D:2      | 2395 ||| Stepping ~*~*~tactically~*~*~ (hiding).
  2497 | D:2      | 2497 ||| Stepping ~*~*~tactically~*~*~ (hiding).
  2609 | D:2      | Killed Jessica
  2610 | D:2      | Reached XP level 6. HP: 33/48 MP: 7/7
  2743 | D:2      | 2743 ||| Stepping ~*~*~tactically~*~*~ (stealth).
  2745 | D:2      | 2745 ||| Stepping ~*~*~tactically~*~*~ (stealth).
  2747 | D:2      | 2747 ||| Stepping ~*~*~tactically~*~*~ (stealth).
  2753 | D:2      | 2753 ||| Stepping ~*~*~tactically~*~*~ (stealth).
  2754 | D:2      | 2754 ||| Stepping ~*~*~tactically~*~*~ (stealth).
  2790 | D:2      | 2790 ||| Stepping ~*~*~tactically~*~*~ (stealth).
  2792 | D:2      | 2792 ||| Stepping ~*~*~tactically~*~*~ (stealth).
  2793 | D:2      | 2793 ||| Stepping ~*~*~tactically~*~*~ (stealth).
  2892 | D:2      | Reached skill level 6 in Unarmed Combat
  3277 | D:2      | 3277 ||| UPGRADING to +0 scale mail.
  3287 | D:2      | 3287 ||| DRINKING 2 silvery potions.
  3288 | D:2      | 3288 ||| DROPPING potion of attraction.
  3323 | D:3      | Noticed an ice beast
  3336 | D:3      | Killed an ice beast
  3429 | D:3      | 3429 ||| Stepping ~*~*~tactically~*~*~ (outnumbered).
  3430 | D:3      | 3430 ||| Stepping ~*~*~tactically~*~*~ (outnumbered).
  3431 | D:3      | 3431 ||| Stepping ~*~*~tactically~*~*~ (outnumbered).
  3626 | D:3      | 3626 ||| Stepping ~*~*~tactically~*~*~ (stealth).
  3760 | D:3      | 3760 ||| Stepping ~*~*~tactically~*~*~ (outnumbered).
  3792 | D:3      | Identified the +10 dagger "Ochuahei" {freeze, rElec rPois
                  | SInv}
  3954 | D:3      | 3954 ||| UPGRADING to +2 pair of boots.
  3959 | D:3      | 3959 ||| UPGRADING to +0 cloak.
  3964 | D:3      | 3964 ||| READING scroll labelled LUSEPYSCHY WIOC.
  3965 | D:3      | 3965 ||| READING 2 scrolls of identify.
  3965 | D:3      | 3965 ||| IDENTIFYING bubbling orange potion
  3966 | D:3      | 3966 ||| DROPPING potion of lignification.
  4005 | D:4      | Reached skill level 3 in Fighting
  4009 | D:4      | 4009 ||| Stepping ~*~*~tactically~*~*~ (outnumbered).
  4010 | D:4      | 4010 ||| Stepping ~*~*~tactically~*~*~ (outnumbered).
  4011 | D:4      | 4011 ||| Stepping ~*~*~tactically~*~*~ (outnumbered).
  4012 | D:4      | 4012 ||| Stepping ~*~*~tactically~*~*~ (outnumbered).
  4016 | D:4      | 4016 ||| Stepping ~*~*~tactically~*~*~ (outnumbered).
  4017 | D:4      | 4017 ||| Stepping ~*~*~tactically~*~*~ (outnumbered).
  4018 | D:4      | 4018 ||| Stepping ~*~*~tactically~*~*~ (outnumbered).
  4019 | D:4      | 4019 ||| Stepping ~*~*~tactically~*~*~ (outnumbered).
  4020 | D:4      | 4020 ||| Stepping ~*~*~tactically~*~*~ (outnumbered).
  4023 | D:4      | 4023 ||| Stepping ~*~*~tactically~*~*~ (outnumbered).
  4024 | D:4      | 4024 ||| Stepping ~*~*~tactically~*~*~ (hiding).
  4046 | D:4      | Reached XP level 7. HP: 32/57 MP: 8/8
  4277 | D:4      | Found a transporter.
  4343 | D:4      | Reached skill level 7 in Unarmed Combat
  4384 | D:4      | 4384 ||| Stepping ~*~*~tactically~*~*~ (outnumbered).
  4386 | D:4      | 4386 ||| Stepping ~*~*~tactically~*~*~ (outnumbered).
  4387 | D:4      | 4387 ||| Stepping ~*~*~tactically~*~*~ (outnumbered).
  4392 | D:4      | 4392 ||| FLEEEEING.
  4393 | D:4      | 4393 ||| FLEEEEING.
  4396 | D:4      | 4396 ||| FLEEEEING.
  4398 | D:4      | 4398 ||| STAIRDANCE
  4507 | D:3      | 4507 ||| DROPPING +0 cloak of stealth.
  4508 | D:3      | 4508 ||| UPGRADING to +3 ring mail.
  4518 | D:3      | 4518 ||| DROPPING +0 scale mail.
  4519 | D:3      | 4519 ||| DRINKING 4 glowing purple potions.
  4520 | D:3      | 4520 ||| READING 2 scrolls of identify.
  4520 | D:3      | 4520 ||| IDENTIFYING sapphire potion
  4521 | D:3      | 4521 ||| DROPPING potion of brilliance.
  4526 | D:4      | 4526 ||| STAIRDANCE
  4636 | D:4      | 4636 ||| Stepping ~*~*~tactically~*~*~ (stealth).
  4642 | D:4      | 4642 ||| Stepping ~*~*~tactically~*~*~ (stealth).
  4643 | D:4      | 4643 ||| Stepping ~*~*~tactically~*~*~ (stealth).
  4754 | D:4      | Reached skill level 8 in Unarmed Combat
  4773 | D:4      | Found a transporter.
  4848 | D:4      | 4848 ||| DROPPING +1 leather armour of fire resistance.
  4849 | D:4      | 4849 ||| UPGRADING to +0 chain mail.
  4859 | D:4      | 4859 ||| DROPPING +3 ring mail.
  4860 | D:4      | 4860 ||| READING scroll labelled VAEVUJ NARORE.
  4861 | D:4      | 4861 ||| READING scroll labelled UNUV NEUTOSO REAMN.
  4865 | D:4      | 4865 ||| READING 2 scrolls of identify.
  4865 | D:4      | 4865 ||| IDENTIFYING dark potion
  4866 | D:4      | 4866 ||| DROPPING potion of berserk rage.
  4877 | D:5      | Entered Level 5 of the Dungeon
  5046 | D:5      | HP: 14/58 [ogre/+0 giant spiked club (7)]
  5050 | D:5      | Reached XP level 8. HP: 17/67 MP: 9/9
  5153 | D:5      | 5153 ||| Stepping ~*~*~tactically~*~*~ (stealth).
  5154 | D:5      | 5154 ||| Stepping ~*~*~tactically~*~*~ (stealth).
  5371 | D:5      | 5371 ||| Stepping ~*~*~tactically~*~*~ (stealth).
  5372 | D:5      | 5372 ||| Stepping ~*~*~tactically~*~*~ (stealth).
  5575 | D:5      | 5575 ||| Stepping ~*~*~tactically~*~*~ (stealth).
  5586 | D:5      | 5586 ||| Stepping ~*~*~tactically~*~*~ (stealth).
  5629 | D:5      | 5629 ||| Stepping ~*~*~tactically~*~*~ (stealth).
  5891 | D:6      | 5891 ||| Stepping ~*~*~tactically~*~*~ (stealth).
  5903 | D:6      | Reached skill level 9 in Unarmed Combat
  5982 | D:6      | Noticed Eustachio
  6003 | D:6      | Killed Eustachio
  6212 | D:6      | Reached skill level 3 in Armour
  6473 | D:6      | Found an ancient bone altar of Kikubaaqudgha.
  6475 | D:6      | Found a hide-covered altar of Uskayaw.
  6738 | D:6      | Noticed Maggie
  6739 | D:6      | Noticed Prince Ribbit
  6745 | D:6      | Reached XP level 9. HP: 69/74 MP: 10/10
  6759 | D:6      | HP: 8/74 [Maggie/+2 halberd of flaming (11)]
  6762 | D:6      | Slain by Maggie

Levels and vault maps discovered:
D:1:      wheals_arrival_linesprint, layout_basic,
          dreamdust_ecumenical_altar_grove
D:2:      layout_basic, basic_altar, grunt_ministairs_7, uniq_sigmund,
          uniq_jessica
D:3:      layout_rooms, minmay_misc_feat_pillars, minmay_diced_spiral
D:4:      gammafunk_steamed_eel, layout_rooms, serial_undead, serial_undead_a,
          serial_undead_d, serial_undead_d, serial_undead_d
D:5:      layout_basic
D:6:      layout_basic, nicolae_overflow_hidden_temple,
          minmay_temple_entry_proselytizer, uniq_maggie, uniq_prince_ribbit1,
          uniq_blork_the_orc, uniq_eustachio

Skill      XL: |  1  2  3  4  5  6  7  8 |
---------------+-------------------------+-----
Unarmed Combat | 1 2 5 6 8 9 |  9.8
Fighting       | 1 2 3 4 5 |  5.5
Armour         | 2 3 |  3.1
Dodging        | |  1.7
Stealth        | |  2.1
Spellcasting   | |  1.7
Conjurations   | |  0.7
Fire Magic     | |  2.4

Action                   |  1- 3 |  4- 6 |  7- 9 || total
-------------------------+-------+-------+-------++-------
Melee: Unarmed           |   146 |   151 |   264 ||   561
       Punch             |     2 |     7 |    14 ||    23
  Use: Scroll            |     4 |     2 |     4 ||    10
       Potion            |     2 |     1 |     1 ||     4
 Stab: Distracted        |       |     1 |     1 ||     2
Armor: Robe              |    14 |       |       ||    14
       Leather armour    |     9 |    11 |       ||    20
       Scale mail        |       |    50 |    21 ||    71
       Ring mail         |       |       |    23 ||    23
       Chain mail        |       |       |    61 ||    61
Dodge: Dodged            |    74 |    55 |    72 ||   201

Table legend:
 A = Non-vault XP
 B = Vault XP
 C = Vault XP percentage of total XP
 D = Non-vault monster count
 E = Vault monster count
 F = Vault count percentage of total count
                 A         B        C        D         E       F
            +---------+---------+-------+---------+---------+-------
      Total |    1452 |     922 |  38.8 |     112 |      23 |  17.0
            +---------+---------+-------+---------+---------+-------
        D:1 |      42 |       0 |   0.0 |      27 |       0 |   0.0
        D:2 |      53 |     284 |  84.3 |      24 |       4 |  14.3
        D:3 |     178 |      33 |  15.6 |      19 |       4 |  17.4
        D:4 |     118 |     402 |  77.3 |      12 |      14 |  53.8
        D:5 |     386 |       0 |   0.0 |      15 |       0 |   0.0
        D:6 |     675 |     203 |  23.1 |      15 |       1 |   6.2
            +---------+---------+-------+---------+---------+-------
